 Dungeon Crawl Stone Soup version 0.23.2-30-g0e89c35649 (webtiles) character file.

Game seed: 3903353096849506674

10615 EcosseEcosse the Cleaver (level 11, 0/95 HPs)
             Began as a Minotaur Fighter on June 24, 2019.
             Was a High Priest of Trog.
             Killed from afar by an orc sorcerer (9 damage)
             ... with a bolt of fire
             ... while paralysed by an orc sorcerer
             ... on level 2 of the Orcish Mines.
             The game lasted 00:46:35 (9116 turns).

EcosseEcosse the Cleaver (Minotaur Fighter)         Turns: 9116, Time: 00:46:36

Health: 0/95       AC: 16    Str: 22    XL:     11   Next: 38%
Magic:  10/10      EV:  2    Int:  5    God:    Trog [*****.]
Gold:   1326       SH:  0    Dex: 12    Spells: 10/10 levels left

rFire    + . .     SeeInvis .   B - +4 battleaxe
rCold    . . .     Gourm    .   (shield currently unavailable)
rNeg     . . .     Faith    .   k - +0 plate armour
rPois    +         Spirit   .   (helmet unavailable)
rElec    .         Reflect  .   (no cloak)
rCorr    .         Harm     .   (no gloves)
MR       .....                  (no boots)
Stlth    ..........             p - amulet of regeneration
HPRegen  0.65/turn              n - ring of protection from fire
MPRegen  0.12/turn              q - ring of poison resistance

@: paralysed, very slightly contaminated, studying Short Blades, invisible
A: retaliatory headbutt, horns 3, icy blue scales 1
a: Berserk, Trog's Hand, Brothers in Arms, Renounce Religion


You were on level 2 of the Orcish Mines.
You worshipped Trog.
Trog was extremely pleased with you.
You were not hungry.

You visited 3 branches of the dungeon, and saw 13 of its levels.
You also visited: Ossuary.

You collected 1326 gold pieces.

Inventory:

Hand Weapons
 a - a +0 war axe
 B - a +4 battleaxe (weapon)
 C - a +0 halberd of chaos
 P - a +0 war axe
Missiles
 M - 9 tomahawks
 R - 3 exploding tomahawks (quivered)
Armour
 b - a +0 scale mail
 c - a +0 shield
 k - a +0 plate armour (worn)
 r - the +2 ratskin cloak {+Rats rPois rN+ Str-1 Int-1 Dex+1}
   (You found it on level 5 of the Dungeon)

   It affects your strength (-1).
   It affects your intelligence (-1).
   It affects your dexterity (+1).
   It protects you from poison.
   It protects you from negative energy.
 H - a +0 large shield
 Q - a +2 leather armour of magic resistance
Jewellery
 m - an uncursed ring of magical power
 n - a ring of protection from fire (left hand)
 p - an amulet of regeneration (around neck)
 q - a ring of poison resistance (right hand)
 t - an uncursed amulet of harm {unknown}
 A - an uncursed amulet of the gourmand {unknown}
 D - an uncursed ring of ice
Wands
 d - a wand of flame (25)
 l - a wand of polymorph (6)
 w - a wand of iceblast (7)
 J - a wand of random effects (15)
 L - a wand of enslavement (6)
Scrolls
 e - 4 scrolls of teleportation
 o - a scroll of fog {unknown}
 s - 3 scrolls of remove curse
 u - a scroll of fear {unknown}
 v - 2 scrolls of blinking {unknown}
 E - a scroll of enchant armour {unknown}
Potions
 g - 2 potions of agility {unknown}
 h - 2 potions of lignification
 j - a potion of resistance {unknown}
 F - 2 potions of degeneration {unknown}
 K - 2 potions of magic {unknown}
 N - 2 potions of brilliance {unknown}
 O - a potion of flight {unknown}
Books
 z - a manual of Short Blades
Comestibles
 f - 18 rations


   Skills:
 + Level 8.3 Fighting
 + Level 14.0 Axes
 + Level 0.6 Throwing
 + Level 10.2 Armour
 + Level 2.2 Dodging
 + Level 0.4 Stealth
 + Level 10.6 Shields


You had 10 spell levels left.
You didn't know any spells.
Your spell library contained the following spells:

 Spells                   Type           Power        Failure   Level  Hunger
 Animate Skeleton         Necr           N/A          100%        1    ##.....
 Beastly Appendage        Tmut           #.....       100%        1    ##.....
 Pain                     Necr           #...         100%        1    ##.....
 Sticks to Snakes         Tmut           #.......     100%        2    ###....
 Regeneration             Chrm/Necr      #.........   100%        3    ####...
 Spider Form              Tmut/Pois      #.........   100%        3    ####...
 Vampiric Draining        Necr           #.........   100%        3    ####...
 Animate Dead             Necr           N/A          100%        4    #####..
 Ice Form                 Ice/Tmut       #.......     100%        4    #####..
 Blade Hands              Tmut           #.........   100%        5    ######.


Dungeon Overview and Level Annotations

Branches:
Dungeon (10/15)            Temple (1/1) D:5            Lair (0/6) D:9
    Orc (2/2) D:10
    Elf: Orc:2

Altars:
Ashenzari
Cheibriados
Dithmenos
Elyvilon
Fedhas
Gozag
Hepliaklqana
Kikubaaqudgha
Makhleb
Nemelex Xobeh
Okawaru
Qazlal
Ru
Sif Muna
Trog
Uskayaw
Vehumet
Wu Jian
Xom
Yredelemnul
Zin
The Shining One

Shops:
D:7 %   D:10 !([

Annotations:
D:9 exclusion: oklob plant


Innate Abilities, Weirdness & Mutations

You reflexively headbutt those who attack you in melee.
You have a pair of large horns on your head.
You are partially covered in icy blue scales. (AC +2)


Message History

* * * LOW HITPOINT WARNING * * *
The orc sorcerer hits you with a +0 dagger.
* * * LOW HITPOINT WARNING * * *
The orange demon closely misses you. The sun demon barely misses you.
The ice devil disappears in a puff of smoke!
You fade into invisibility!
The sun demon disappears in a puff of smoke!
The orc sorcerer barely misses you.
You are very lightly contaminated with residual magic.
The orc high priest calls upon Beogh to heal the orc sorcerer.
The orc sorcerer is healed somewhat.
The orc sorcerer points at you and mumbles some strange words.
You suddenly lose the ability to move!
The hellwing hits you.
* * * LOW HITPOINT WARNING * * *
The hellwing hits you but does no damage.
The hellwing hits you but does no damage. x2
The orc sorcerer gestures at you while chanting.
The bolt of fire hits you! You resist.
You die...

.......$<.......#
........#.....#.##
...........[.#.##.#
...................#
...........o$#.....#
........oO...##.....#
........4#..## #...##
#....oo4#.#.## ...#
##...#@......# #.##
#..........## #
##.....#....#
##.....#....#
..#....##.##
....##..# ..# ....#
... .. ##... #.##


You could see an orc high priest, an orange demon, a hellwing, an orc sorcerer,
an ogre and an orc priest.

Vanquished Creatures
  Fannar (Orc:1)
  Harold (D:8)
  Erica (D:10)
  Urug (D:10)
  Pikel (D:6)
  A cyclops (Orc:1)
  The ghost of Ananasrisotto the Magician, a novice OpEn of Dithmenos (D:4)
  A troll (D:6)
  A hornet (D:10)
  A hippogriff (D:7)
  Sigmund (D:4)
  A wyvern (D:8)
  Eustachio (D:6)
  2 steam dragons (D:7)
  Grum (D:8)
  A hungry ghost (D:8)
  Menkaure (D:4)
  Duvessa (D:6)
  An ice beast (D:10)
  10 orc warriors
  2 sky beasts
  A necrophage (D:3)
  3 wolves
  6 ogres
  3 phantoms
  2 centaurs
  Blork the orc (D:6)
  A big kobold (D:8)
  5 bullfrogs
  A gnoll sergeant (D:6)
  A wyvern zombie (D:4)
  Dowan (D:6)
  5 killer bees (D:8)
  3 scorpions
  A howler monkey (D:9)
  2 crimson imps
  2 jellies (D:5)
  3 bullfrog zombies
  4 hounds
  11 orc priests
  7 orc wizards
  An iguana (D:6)
  7 worker ants
  A hell rat (D:5)
  A killer bee zombie (D:10)
  A hound zombie (D:5)
  8 mummies (Ossuary)
  A hound skeleton (D:10)
  28 gnolls
  6 river rats (D:5)
  4 worker ant zombies
  10 adders
  A shadow imp (D:8)
  2 oozes
  An adder zombie (D:6)
  4 dart slugs
  3 leopard geckos
  38 orcs
  2 ball pythons
  4 bats
  4 giant cockroaches
  8 goblins
  10 hobgoblins
  16 kobolds
  7 quokkas
  5 frilled lizards
  3 hobgoblin zombies (Ossuary)
  A leopard gecko zombie (D:5)
  5 orc zombies (Ossuary)
  20 rats
297 creatures vanquished.

Vanquished Creatures (others)
  A hound (D:6)
  6 plants (D:4)
7 creatures vanquished.

Grand Total: 304 creatures vanquished

Notes
Turn   | Place    | Note
-------+----------+-------------------------------------------
     0 | D:1      | EcosseEcosse the Minotaur Fighter began the quest for the
                  | Orb.
     0 | D:1      | Reached XP level 1. HP: 19/19 MP: 0/0
   167 | D:1      | Reached XP level 2. HP: 16/27 MP: 1/1
   576 | D:1      | Reached XP level 3. HP: 31/33 MP: 2/2
   807 | D:2      | Reached skill level 3 in Axes
  1137 | D:2      | Reached XP level 4. HP: 39/40 MP: 3/3
  1148 | D:2      | Reached skill level 5 in Shields
  1204 | D:2      | HP: 1/40 [gnoll/+0 spear (4)]
  1214 | D:2      | HP: 1/40 [gnoll/+0 spear (6)]
  1218 | D:2      | Reached XP level 5. HP: 11/47 MP: 4/4
  1571 | D:2      | Reached skill level 4 in Axes
  1711 | D:2      | You fall through a shaft!
  1712 | D:3      | Noticed a necrophage
  1717 | D:3      | You fall through a shaft for 2 floors!
  1717 | D:5      | Entered Level 5 of the Dungeon
  1812 | D:5      | Noticed an ogre
  1830 | D:5      | Killed an ogre
  1830 | D:5      | Reached skill level 5 in Axes
  1830 | D:5      | Reached skill level 5 in Armour
  1830 | D:5      | Reached XP level 6. HP: 18/53 MP: 5/5
  2210 | D:5      | Found the +2 ratskin cloak {+Rats rPois rN+ Str-1 Int-1
                  | Dex+1}
  2403 | D:5      | Reached XP level 7. HP: 44/60 MP: 6/6
  2581 | D:5      | Found a staircase to the Ecumenical Temple.
  2586 | D:5      | Reached skill level 6 in Axes
  2612 | Temple   | Entered the Ecumenical Temple
  2770 | Temple   | Became a worshipper of Trog the Wrathful
  2872 | D:5      | Reached skill level 1 in Dodging
  3050 | D:4      | Noticed Sigmund
  3147 | D:4      | Killed Sigmund
  3147 | D:4      | Reached skill level 7 in Axes
  3172 | D:4      | Reached XP level 8. HP: 54/67 MP: 7/7
  3182 | D:4      | Found a transporter.
  3196 | D:4      | Noticed Ananasrisotto's ghost (novice OpEn)
  3246 | D:4      | Found a transporter.
  3329 | D:4      | Noticed Menkaure
  3340 | D:4      | Killed Menkaure
  3340 | D:4      | Reached skill level 5 in Fighting
  3340 | D:4      | Reached skill level 8 in Axes
  3768 | D:4      | Found a burning altar of Makhleb.
  3784 | D:4      | Reached * piety under Trog
  3985 | D:4      | Identified the +9 spear "Baleagir" {pain, rC+ Str+2 Dex+4}
  4004 | D:4      | HP: 2/68 [gnoll/+0 halberd (34)]
  4013 | D:4      | Gained mutation: You are partially covered in icy blue
                  | scales. (AC +2) [potion of mutation]
  4013 | D:4      | Gained mutation: You have a pair of large horns on your
                  | head. [potion of mutation]
  4395 | D:4      | Killed Ananasrisotto's ghost
  4395 | D:4      | Reached skill level 9 in Axes
  5035 | D:6      | Reached ** piety under Trog
  5035 | D:6      | Reached skill level 10 in Axes
  5036 | D:6      | Noticed a troll
  5060 | D:6      | Killed a troll
  5060 | D:6      | Reached XP level 9. HP: 35/75 MP: 8/8
  5170 | D:6      | Noticed Duvessa
  5170 | D:6      | Noticed Dowan
  5181 | D:6      | Killed Duvessa
  5248 | D:6      | Killed Dowan
  5253 | D:6      | Found a sand-covered staircase.
  5262 | Ossuary  | Entered an ossuary
  5611 | D:6      | Noticed Blork the orc
  5630 | D:6      | Killed Blork the orc
  5630 | D:6      | Reached skill level 11 in Axes
  5694 | D:6      | Noticed Pikel
  5694 | D:6      | Noticed Eustachio
  5715 | D:6      | Killed Eustachio
  5726 | D:6      | Killed Pikel
  5726 | D:6      | Reached *** piety under Trog
  6365 | D:7      | Found Xicikhom's Food Emporium.
  6439 | D:7      | Received a gift from Trog
  6439 | D:7      | Reached skill level 12 in Axes
  6439 | D:7      | Reached XP level 10. HP: 81/84 MP: 9/9
  6540 | D:8      | Noticed Grum
  6540 | D:8      | Noticed Harold
  6654 | D:8      | Killed Harold
  6663 | D:8      | Killed Grum
  6856 | D:8      | Reached **** piety under Trog
  7247 | D:9      | Found a staircase to the Lair.
  7259 | D:9      | Reached skill level 13 in Axes
  7266 | D:9      | Found a radiant altar of Vehumet.
  7266 | D:9      | Noticed an oklob plant
  7466 | D:10     | Entered Level 10 of the Dungeon
  7528 | D:10     | Found Vihyhigo's Armour Shop.
  7529 | D:10     | Found a staircase to the Orcish Mines.
  7530 | D:10     | Found Lozeurpho's Weapon Shop.
  7605 | D:10     | Reached skill level 10 in Shields
  7718 | D:10     | Found a burning altar of Makhleb.
  7928 | D:10     | Found Jethaschata's Distillery.
  8266 | Orc:1    | Entered Level 1 of the Orcish Mines
  8284 | Orc:1    | Noticed a cyclops
  8310 | Orc:1    | Reached XP level 11. HP: 51/94 MP: 10/10
  8311 | Orc:1    | Noticed Erica
  8324 | Orc:1    | Noticed Urug
  8336 | D:10     | Killed Erica
  8441 | D:10     | Killed Urug
  8635 | Orc:1    | Noticed Fannar
  8662 | Orc:1    | HP: 4/94 [Fannar/refrigeration (12)]
  8664 | Orc:1    | Killed Fannar
  8664 | Orc:1    | Reached skill level 14 in Axes
  8664 | Orc:1    | Reached skill level 10 in Armour
  8847 | Orc:1    | Reached ***** piety under Trog
  9021 | Orc:2    | Entered Level 2 of the Orcish Mines
  9025 | Orc:2    | Noticed an orc sorcerer
  9027 | Orc:2    | Noticed an orc high priest
  9096 | Orc:2    | Noticed a sun demon
  9114 | Orc:2    | Paralysed by an orc sorcerer for 3 turns
  9116 | Orc:2    | Killed from afar by an orc sorcerer

Skill      XL: |  1  2  3  4  5  6  7  8  9 10 11 |
---------------+----------------------------------+-----
Shields        | 4 5 6 7 8 10 | 10.6
Armour         | 4 5 6 7 8 9 10 | 10.2
Fighting       | 4 5 6 7 8 |  8.3
Axes           | 3 5 7 10 12 13 14 | 14.0
Dodging        | 1 2 |  2.2
Throwing       | |  0.6
Stealth        | |  0.4

Action                   |  1- 3 |  4- 6 |  7- 9 | 10-12 || total
-------------------------+-------+-------+-------+-------++-------
Melee: War axe           |    83 |   177 |   422 |   254 ||   936
       Headbutt          |    16 |    27 |    96 |    67 ||   206
       Battleaxe         |       |       |       |    77 ||    77
Throw: Tomahawk          |       |       |     4 |     1 ||     5
Invok: Berserk           |       |       |       |     1 ||     1
  Use: Potion            |       |     6 |     5 |    10 ||    21
       Scroll            |       |     1 |     8 |     2 ||    11
 Stab: Invisible         |       |       |     1 |       ||     1
  Eat: Chunk             |     1 |     4 |     6 |     6 ||    17
       Ration            |       |       |     2 |     2 ||     4
Armor: Scale mail        |    20 |       |       |       ||    20
       Plate armour      |     9 |   101 |   191 |   156 ||   457
Dodge: Dodged            |    15 |    36 |    72 |    68 ||   191
Block: Shield            |    46 |   104 |   221 |   162 ||   533
